AoeStats
← Talvi

Black Forest

505065721Analyzed
1v1 RM · 24d ago on Sep 7, 2026· 56m 34s· 2 players
Game mode
Random Map
Map size
Tiny (2 player)
Population
200
Speed
Normal
Resources
Standard
Victory
Conquest
Starting age
Dark Age
Ending age
Imperial Age
RankedLock teamsTeams togetherTeam positionsShared explorationLock speedFull tech treeHidden civsTurbo modeCheats
Victory
Defeat
🇩🇪 Franks · Germany
571
+16
🇩🇪 Khmer · Germany
564
-16
Talvi
5:52 Loom
11:40 Feudal Age
12:19 Town Watch
16:58 Wheelbarrow
16:10 Horse Collar
16:18 Double-Bit Axe
20:30 Gold Mining
23:10 Castle Age
21:25 Fletching
21:47 Forging
22:27 Stone Mining
22:55 Scale Barding Armor
24:41 Gold Shaft Mining
24:11 Heavy Plow
24:24 Bow Saw
24:51 Stone Shaft Mining
25:02 Bodkin Arrow
26:50 Hand Cart
27:00 Fervor
27:34 Iron Casting
27:23 Husbandry
28:17 Bloodlines
30:28 Ballistics
30:20 Masonry
33:00 Murder Holes
33:28 Guard Tower
35:22 Town Patrol
40:05 Tusk Swords
44:27 Chain Barding Armor
47:42 Imperial Age
51:57 Cavalier
55:40 Parthian Tactics
flushjack87
12:41 Feudal Age
13:09 Double-Bit Axe
15:35 Wheelbarrow
18:31 Castle Age
20:26 Bow Saw
20:10 Gold Mining
20:11 Stone Mining
20:26 Scale Mail Armor
20:39 Forging
20:36 Scale Barding Armor
24:59 Chain Mail Armor
25:20 Iron Casting
27:03 Hand Cart
26:36 Loom
26:37 Town Watch
28:11 #83
32:51 Imperial Age
36:16 Elite Throwing Axeman
36:57 Chivalry
37:18 Conscription
42:29 Chemistry
41:50 Ballistics
41:41 Masonry
43:41 Hoardings
45:09 Gold Shaft Mining
51:13 Plate Mail Armor
51:44 Blast Furnace
51:05 Chain Barding Armor
50:51 Husbandry
50:11 Cavalier
51:46 Paladin
53:12 Architecture
Connection lost

Rejoining the realm…

Still unreachable

The connection could not be restored.

Session expired

The server has moved on; the page needs a fresh start.